General information
- name: BNet
- type: Ladder 1vs1/FFA
- host: Battle.net
- saver: 7.40
map: TidewaterGlades
- players: 2
- length: 21:03
- speed: Fast
- version: 1.26 W3XP
- replay type: Public
» download(61 KB)
Players
team 1 (winner)
7.40 (
pink | 62 APM | 1312 actions | 21:03)
5 Archmage
2 Blizzard
3 Brilliance Aura
3 Blood Mage
2 Flame Strike
1 Banish
» actions
| Assign group hotkey | 26 | |
| Basic commands | 71 | |
| Build / train | 109 | |
| ESC pressed | 4 | |
| Enter build submenu | 39 | |
| Enter hero's abilities submenu | 9 | |
| Give item / drop item | 7 | |
| Right click | 435 | |
| Select / deselect | 345 | |
| Select group hotkey | 130 | |
| Use ability | 137 | |
1312 total
» units
| Peasant | 26 | |
| Goblin Shredder | 1 | |
| Goblin Zeppelin | 1 | |
| Dragonhawk Rider | 2 | |
| Gryphon Rider | 2 | |
32 total
» upgrades
| Masonry | 3 | |
| Swords | 3 | |
| Armor | 3 | |
| Storm Hammers | 1 | |
| Cloud | 1 | |
| Magic Sentry | 1 | |
| Sorceress Training | 1 | |
13 total
» buildings
| Altar of Kings | 1 | |
| Farm | 10 | |
| Scout Tower | 23 | |
| Arcane Vault | 2 | |
| Lumber Mill | 1 | |
| Arcane Tower | 6 | |
| Guard Tower | 15 | |
| Town Hall | 1 | |
| Keep | 2 | |
| Blacksmith | 1 | |
| Castle | 1 | |
| Gryphon Aviary | 3 | |
| Arcane Sanctum | 1 | |
67 total
» build order
00:06 Altar of Kings
00:29 Farm
00:30 Farm
01:05 Scout Tower
01:15 Arcane Vault
01:23 Lumber Mill
02:04 Arcane Tower
02:30 Scout Tower
02:31 Scout Tower
02:44 Farm
03:22 Guard Tower
03:52 Guard Tower
03:52 Scout Tower
03:55 Scout Tower
04:02 Scout Tower
04:24 Guard Tower
04:29 Guard Tower
05:16 Town Hall
05:20 Scout Tower
05:21 Scout Tower
05:21 Scout Tower
05:22 Scout Tower
05:23 Scout Tower
05:24 Scout Tower
05:53 Guard Tower
05:57 Arcane Tower
05:58 Arcane Tower
06:24 Guard Tower
06:26 Guard Tower
07:09 Keep
07:16 Arcane Vault
07:23 Farm
07:29 Blacksmith
07:52 Farm
07:52 Farm
08:14 Scout Tower
08:15 Scout Tower
08:53 Guard Tower
09:30 Castle
09:36 Arcane Tower
09:42 Farm
10:14 Gryphon Aviary
10:17 Gryphon Aviary
11:07 Gryphon Aviary
12:51 Scout Tower
12:52 Scout Tower
12:52 Scout Tower
12:54 Scout Tower
12:55 Scout Tower
13:25 Guard Tower
13:26 Guard Tower
13:28 Guard Tower
13:29 Guard Tower
13:55 Guard Tower
13:55 Arcane Tower
14:00 Farm
14:01 Farm
14:15 Arcane Sanctum
16:20 Scout Tower
16:21 Scout Tower
16:21 Scout Tower
17:12 Guard Tower
17:39 Guard Tower
18:02 Scout Tower
18:55 Arcane Tower
» items
| Mechanical Critter | 4 | |
| Lesser Clarity Potion | 3 | |
| Scroll of Regeneration | 8 | |
| Potion of Healing | 6 | |
| Scroll of Town Portal | 4 | |
| Staff of Sanctuary | 2 | |
| Ivory Tower | 2 | |
| Potion of Mana | 1 | |
30 total
team 2 (loser)
logix42 (
teal | 52 APM | 1090 actions | 20:53)
5 Demon Hunter
1 Immolation
3 Evasion
1 Mana Burn
2 Keeper of the Grove
1 Entangling Roots
1 Force of Nature
» actions
| Assign group hotkey | 32 | |
| Basic commands | 2 | |
| Build / train | 76 | |
| Enter build submenu | 27 | |
| Enter hero's abilities submenu | 7 | |
| Give item / drop item | 2 | |
| Remove unit from queue | 4 | |
| Right click | 349 | |
| Select / deselect | 234 | |
| Select group hotkey | 301 | |
| Use ability | 56 | |
1090 total
» units
| Wisp | 18 | |
| Huntress | 2 | |
| Archer | 16 | |
| Furbolg Shaman | 1 | |
| Dryad | 8 | |
| Glaive Thrower | 1 | |
46 total
» upgrades
| Strength of the Moon | 2 | |
| Moon Armor | 2 | |
| Ultravision | 1 | |
| Improved Bows | 1 | |
| Sentinel | 1 | |
| Abolish Magic | 1 | |
| Reinforced Hides | 2 | |
| Vorpal Blades | 1 | |
| Nature's Blessing | 1 | |
12 total
» buildings
| Altar of Elders | 1 | |
| Moon Well | 5 | |
| Ancient of War | 2 | |
| Hunter's Hall | 1 | |
| Ancient of Wonders | 2 | |
| Tree of Ages | 2 | |
| Ancient of Lore | 1 | |
| Ancient Protector | 6 | |
| Tree of Life | 3 | |
23 total
» build order
00:05 Altar of Elders
00:07 Moon Well
00:42 Ancient of War
01:34 Ancient of War
01:39 Hunter's Hall
02:09 Moon Well
02:51 Moon Well
04:36 Moon Well
05:10 Ancient of Wonders
05:42 Tree of Ages
05:42 Tree of Ages
06:28 Ancient of Wonders
06:34 Moon Well
09:06 Ancient of Lore
11:01 Ancient Protector
11:07 Ancient Protector
13:40 Ancient Protector
13:44 Tree of Life
16:07 Ancient Protector
16:12 Ancient Protector
17:14 Ancient Protector
17:48 Tree of Life
19:14 Tree of Life
» items
Chat log
(20:05 / All) 7.40: lol
(20:09 / All) logix42: FUCKING FUCKER
(20:11 / All) 7.40: lmfao
(20:13 / All) logix42: BASTER
(20:13 / All) 7.40: ur trying too hard bro
(20:16 / All) logix42: ASS
(20:17 / All) logix42: BITCH
(20:20 / All) 7.40: u mad?
(20:20 / All) 7.40: :)
(20:21 / All) logix42: GTFO
(20:24 / All) 7.40: no u
(20:32 / All) 7.40: lol
(20:40 / All) logix42: UR FUCKING ASSLICKING HOPE YOUR BLOODY HAPPY
(20:44 / All) 7.40: so mad...
(20:46 / All) 7.40: :D
(20:47 / All) logix42: MOTHER CUNT FUCKER